 Dungeon Crawl Stone Soup version 0.28-a0-425-gd0eccab798 (webtiles) character file.

Game seed: 4618795426808663942

1365 heikuro the Slasher (level 8, -2/64 HPs)
             Began as a Formicid Fighter on Sept 9, 2021.
             Was a Believer of Okawaru.
             Slain by a polar bear (24 damage)
             ... created by the rage of Trog
             ... on level 6 of the Dungeon.
             The game lasted 00:10:32 (5503 turns).

heikuro the Slasher (Formicid Fighter)              Turns: 5503, Time: 00:10:32

Health: -2/64      AC: 14    Str: 21 (24) XL:     8   Next: 97%
Magic:  10/10      EV:  6    Int:  7      God:    Okawaru [**....]
Gold:   180        SH:  8    Dex: 10      Spells: 7/7 levels left

rFire   . . .      SeeInvis +   d - +2 whip (elec)
rCold   . . .      Faith    .   r - +0 kite shield
rNeg    . . .      Spirit   .   s - +0 chain mail
rPois   .          Reflect  .   (helmet unavailable)
rElec   .          Harm     .   (no cloak)
rCorr   .          Rampage  .   (no gloves)
Will    .....                   (no boots)
Stlth   ..........              p - amulet of magic regeneration
HPRegen 0.20/turn               n - +4 ring of protection
MPRegen 0.37/turn               (no ring)

@: no status effects
A: permanent stasis, dig shafts and tunnels, antennae 3, four strong arms
a: Dig, Shaft Self, Renounce Religion, Heroism


You were on level 6 of the Dungeon.
You worshipped Okawaru.
Okawaru was pleased with you.
You visited 2 branches of the dungeon, and saw 7 of its levels.

You collected 180 gold pieces.

Inventory:

Hand Weapons
 a - a +0 long sword
 d - a +2 whip of electrocution (weapon)
Missiles
 k - 61 poisoned darts (quivered)
 q - 8 curare-tipped darts
Armour
 c - a +0 buckler
 r - a +0 kite shield (worn)
 s - a +0 chain mail (worn)
Jewellery
 i - a ring of fire
 n - a +4 ring of protection (left hand)
 p - an amulet of magic regeneration (around neck)
Wands
 b - a wand of flame (38)
 v - a wand of mindburst (14)
Scrolls
 e - 4 scrolls of vulnerability
 f - a scroll of enchant weapon {unknown}
 g - a scroll of noise {unknown}
 m - a scroll of immolation
 o - 2 scrolls of blinking {unknown}
 t - 2 scrolls of fear {unknown}
Potions
 h - 3 potions of attraction
 j - 3 potions of curing {unknown}
 l - a potion of brilliance {unknown}
 u - 2 potions of degeneration {unknown}


   Skills:
 + Level 6.2 Fighting
 + Level 7.1 Long Blades
 + Level 6.2 Armour
 * Level 3.8 Shields
 + Level 3.1 Invocations
 + Level 1.6 Evocations


You had 7 spell levels left.
You didn't know any spells.
Your spell library contained the following spells:

 Spells                   Type           Power      Damage    Failure   Level
 Manifold Assault         Tloc           0%         N/A       100%        5
 Storm Form               Tmut/Air       0%         N/A       100%        7
 Blink                    Tloc           Unusable   N/A       N/A         2

Dungeon Overview and Level Annotations

Branches:
Dungeon (6/15)             Temple (1/1) D:6

Altars:
Ashenzari
Cheibriados
Dithmenos
Gozag
Kikubaaqudgha
Makhleb
Nemelex Xobeh
Okawaru
Ru
Sif Muna
Trog
Uskayaw
Vehumet
Wu Jian
Xom
Yredelemnul
Zin
The Shining One

Annotations:
D:3 2 transporters, SkeletonJelly's ghost, amateur DECA


Innate Abilities, Weirdness & Mutations

You cannot be hasted, slowed, berserked, paralysed or teleported.
You can dig through walls and to a lower floor.
You have a pair of large antennae on your head. (SInv)
Your four strong arms can wield two-handed weapons with a shield.


Message History

You hit the scorpion but do no damage. You block the scorpion's attack. x2
You hit the scorpion.
The scorpion is lightly wounded.
The scorpion stings you but does no damage.
You closely miss the scorpion.
The scorpion is lightly wounded.
The scorpion stings you but does no damage.
The scorpion barely misses you.
Trog sends monsters to punish you. 3 polar bears and a black bear come into view.
You whack the scorpion!
The scorpion is heavily wounded.
You block the scorpion's attack.
You whack the scorpion! Lightning courses through the scorpion!
You kill the scorpion!
Okawaru accepts your kill. The polar bear bites you!
The polar bear barely misses you. x2
You feel your strength returning.
You hit the polar bear.
The polar bear is lightly wounded.
The polar bear bites you. The polar bear claws you.
The polar bear closely misses you. You block the black bear's attack. x2
The black bear barely misses you. The polar bear bites you.
The polar bear claws you.
The polar bear claws you but does no damage.
The polar bear bites you!
The polar bear claws you but does no damage. x2
The polar bear bites you but does no damage.
The polar bear claws you but does no damage. x2
The polar bear bites you.
The polar bear claws you but does no damage.
The polar bear barely misses you.
The polar bear bites you but does no damage.
The polar bear claws you but does no damage. x2
The black bear barely misses you.
The black bear claws you but does no damage. x2
The polar bear bites you! You block the polar bear's attack.
The polar bear claws you. The polar bear barely misses you.
You block the polar bear's attack. x2; The polar bear bites you!!
You die...

#....#......#........#
'....'......#........#
#....#......#........#
#....##.....#........#
#....##.....#........#
#....##.....#........#
#........>..#...h###+#
#...........#..hh#
.....##...###..h@#
.....##...######.#
...............#.#
#....##........#.###+##
#....##........'......#
#..............#......#
.....####+##...#......#
.....##...##...#......#
#.#..##........#......#


You could see 3 polar bears and a black bear (berserk).

Vanquished Creatures
  A polar bear (D:6)
  Grinder (D:5)
  Sigmund (D:3)
  A necrophage (D:5)
  4 black bears
  An ogre (D:5)
  A kobold brigand (D:5)
  4 scorpions (D:6)
  A centaur zombie (D:5)
  A hound (D:5)
  2 centaur skeletons
  An orc priest (D:4)
  2 bullfrog skeletons (D:5)
  An iguana (D:6)
  2 orc wizards (D:4)
  A killer bee zombie (D:6)
  A hound skeleton (D:2)
  10 adders
  A worm (D:3)
  2 dart slugs (D:2)
  7 orcs
  8 endoplasms
  4 giant cockroaches
  5 goblins
  6 hobgoblins
  3 quokkas
  3 ball pythons
  6 bats (D:1)
  5 frilled lizards
  6 kobolds
  6 rats
98 creatures vanquished.

Notes
Turn   | Place    | Note
-------+----------+-------------------------------------------
     0 | D:1      | heikuro the Formicid Fighter began the quest for the Orb.
     0 | D:1      | Reached XP level 1. HP: 18/18 MP: 1/1
   195 | D:1      | Reached XP level 2. HP: 24/24 MP: 2/2
   378 | D:1      | Found a faded altar of an unknown god.
   563 | D:1      | Reached XP level 3. HP: 18/29 MP: 3/3
   843 | D:2      | Reached skill level 3 in Long Blades
   904 | D:2      | Reached XP level 4. HP: 37/37 MP: 4/4
  1207 | D:2      | Reached XP level 5. HP: 42/42 MP: 5/5
  1598 | D:3      | Noticed Sigmund
  1606 | D:3      | Killed Sigmund
  1607 | D:3      | Reached skill level 4 in Long Blades
  1607 | D:3      | Reached XP level 6. HP: 27/49 MP: 6/6
  1928 | D:3      | Found a bloodstained altar of Trog.
  1983 | D:3      | Became a worshipper of Trog the Wrathful
  2366 | D:3      | Found a transporter.
  2366 | D:3      | Found a transporter.
  2366 | D:3      | Noticed SkeletonJelly's ghost (amateur DECA)
  2367 | D:3      | Noticed an ogre
  2649 | D:4      | Reached skill level 5 in Long Blades
  2811 | D:4      | Reached XP level 7. HP: 49/55 MP: 7/7
  3061 | D:4      | Found a snail-covered altar of Cheibriados.
  3129 | D:4      | Found an iron altar of Okawaru.
  3354 | D:5      | Entered Level 5 of the Dungeon
  3388 | D:4      | Fell from the grace of Trog
  3388 | D:4      | Became a worshipper of Warmaster Okawaru
  3430 | D:5      | Reached skill level 5 in Fighting
  3430 | D:5      | Reached skill level 5 in Armour
  3442 | D:5      | Noticed Grinder
  3457 | D:5      | Killed Grinder
  3612 | D:5      | Reached * piety under Okawaru
  3660 | D:5      | Reached skill level 6 in Long Blades
  3660 | D:5      | Reached skill level 1 in Invocations
  3660 | D:5      | Reached XP level 8. HP: 52/63 MP: 8/8
  3916 | D:5      | Found a shimmering altar of Xom.
  4070 | D:5      | Found a shimmering blue altar of Sif Muna.
  4453 | D:6      | Found a staircase to the Ecumenical Temple.
  4458 | D:6      | Noticed a polar bear
  4460 | Temple   | Entered the Ecumenical Temple
  4839 | D:6      | Killed a polar bear
  4879 | D:6      | Reached skill level 1 in Evocations
  4961 | D:6      | Reached skill level 7 in Long Blades
  5270 | D:6      | Reached ** piety under Okawaru
  5376 | D:6      | Paralysed by Trog for 4 turns
  5500 | D:6      | Noticed a polar bear
  5500 | D:6      | Noticed a polar bear
  5500 | D:6      | Noticed a polar bear
  5503 | D:6      | Slain by a polar bear

Illustrated notes

Levels and vault maps discovered:
D:1:      dpeg_arrival_tiny_f, layout_rooms, shapermc_ecumenical_altar_venn
D:2:      layout_rooms, chequers_serial_rivers_room_a
D:3:      layout_basic, mainiacjoe_overflow_six_doors_small,
          gammafunk_ghost_smash, uniq_sigmund
D:4:      layout_rooms, mainiacjoe_overflow_chevrons, cheibriados_altar_1,
          serial_curves, eino_curves_02, eino_curves_04
D:5:      layout_loops_ring, mainiacjoe_overflow_boulevard,
          general_overflow_altar, uniq_grinder
D:6:      layout_gridville, temple_green, chequers_serial_rivers_room_b,
          minmay_between
Temple:   nicolae_temple_god_jail

Skill      XL: |  1  2  3  4  5  6  7  8 |
---------------+-------------------------+-----
Long Blades    | 3 4 5 6 7 |  7.1
Fighting       | 4 5 6 |  6.2
Armour         | 4 5 6 |  6.2
Invocations    | 1 3 |  3.1
Evocations     | 1 |  1.6
Shields        | |  3.8

Action                   |  1- 3 |  4- 6 |  7- 9 || total
-------------------------+-------+-------+-------++-------
Melee: Long sword        |    59 |     1 |    25 ||    85
       Whip              |    17 |   111 |   146 ||   274
Throw: Dart              |       |       |     6 ||     6
Invok: Heroism           |       |       |     1 ||     1
  Use: Potion            |     1 |       |     2 ||     3
       Scroll            |       |     2 |     3 ||     5
Armor: Scale mail        |    43 |    44 |    18 ||   105
       Chain mail        |       |       |   131 ||   131
Dodge: Dodged            |    22 |    38 |    89 ||   149
Block: Buckler           |    18 |    19 |    44 ||    81
       Kite shield       |       |       |    10 ||    10

Table legend: (Time is in decaauts)
 A = Elapsed time spent in this place.
 B = Non-inter-level travel time spent in this place.
 C = Inter-level travel time spent in this place.
 D = Time resting spent in this place.
 E = Time spent auto-exploring this place.
 F = Levels seen in this place.
 G = Mean time per level.
                   A        B        C        D        E       F      G
               +--------+--------+--------+--------+--------+-----+--------+
         Total |   5552 |   5291 |    261 |   1113 |   2887 |   7 |  793.1 |
       Dungeon |   5182 |   4921 |    261 |    832 |   2856 |   6 |  863.7 |
        Temple |    369 |    369 |      0 |    281 |     31 |   1 |  369.0 |
               +--------+--------+--------+--------+--------+-----+--------+

Top non-repeatable levels by time:
     D:3: 1319 daAuts
     D:5: 1006 daAuts
     D:1: 815 daAuts
     D:6: 714 daAuts
     D:4: 687 daAuts
     D:2: 638 daAuts
  Temple: 369 daAuts
